 Dungeon Crawl Stone Soup version 0.29-a0-1027-gcd8c55af63 (webtiles) character file.

Game seed: 7982243009619680590

76 xian the Trooper (level 4, -5/35 HPs)
             Began as a Demonspawn Fighter on Aug 13, 2022.
             Was a Believer of Uskayaw.
             Slain by a gnoll
             ... wielding a +0 halberd
              (10 damage)
             ... on level 2 of the Dungeon.
             The game lasted 00:04:01 (1969 turns).

xian the Trooper (Demonspawn Fighter)               Turns: 1969, Time: 00:04:01

Health: -5/35      AC:  7    Str: 18    XL:     4   Next: 12%
Magic:  4/4        EV:  9    Int:  9    God:    Uskayaw [**....]
Gold:   69         SH:  8    Dex: 13    Spells: 3/3 levels left

rFire   . . .      SeeInvis .   a - +0 long sword
rCold   . . .      Faith    .   c - +0 buckler
rNeg    . . .      Spirit   .   b - +0 scale mail
rPois   .          Reflect  .   (no helmet)
rElec   .          Harm     .   j - +0 cloak
rCorr   .          Rampage  .   (no gloves)
Will    .....                   (no boots)
Stlth   ..........              (no amulet)
HPRegen 0.11/turn               (no ring)
MPRegen 0.09/turn               (no ring)

@: mighty
A: powered by pain 1, condensation shield
a: Renounce Religion, Stomp, Line Pass


You were on level 2 of the Dungeon.
You worshipped Uskayaw.
Uskayaw was noncommittal.
You visited 1 branch of the dungeon, and saw 2 of its levels.

You collected 69 gold pieces.

Inventory:

Hand Weapons
 a - a +0 long sword (weapon)
Armour
 b - a +0 scale mail (worn)
 c - a +0 buckler (worn)
 j - a +0 cloak (worn)
Scrolls
 e - 3 scrolls of teleportation
 i - a scroll of amnesia
 l - a scroll of torment {unknown}
Potions
 d - 2 potions of might
 f - a potion of curing
 g - a potion of mutation {unknown}
 h - a potion of haste {unknown}
 k - a potion of ambrosia {unknown}


   Skills:
 + Level 3.4 Fighting
 + Level 2.6 Long Blades
 + Level 3.1 Armour
 + Level 1.0 Dodging
 + Level 3.0 Shields


You had 3 spell levels left.
You didn't know any spells.
Your spell library contained the following spells:

 Spells                   Type           Power      Damage    Failure   Level
 Necrotise                Necr           0%         1d4       86%         1
 Vampiric Draining        Necr           0%         2d6       99%         3
 Agony                    Necr           0%         N/A       100%        5


Dungeon Overview and Level Annotations

Branches:
Dungeon (2/15)

Altars:
Uskayaw

Shops:
D:1 *


Innate Abilities, Weirdness & Mutations

You sometimes gain a little power by taking damage.
A meltable shield of frost defends you. (SH +4)


Message History

You closely miss the goblin. You block the gnoll's attack.
The goblin closely misses you. You block the goblin's attack.
The gnoll hits you from afar with a +0 halberd!
You focus on the pain.
You feel very mighty all of a sudden.
You hit the goblin.
You kill the goblin!
The gnoll barely misses you.
You barely miss the gnoll. You block the gnoll's attack.
The gnoll closely misses you.
You closely miss the gnoll. The gnoll barely misses you. x2
The gnoll closely misses you. The gnoll barely misses you.
The gnoll hits you with a +0 club. You block the gnoll's attack.
Unknown command.
The gnoll hits you from afar with a +0 spear.
The gnoll barely misses you.
You slash the gnoll!
The gnoll is almost dead.
You block the gnoll's attack.
You slash the gnoll!
You kill the gnoll!
You can now pass through a line of other dancers.
Your Dodging skill increases to level 1!
You slash the gnoll!
You kill the gnoll!
You block the gnoll's attack.
The gnoll hits you from afar with a +0 halberd!
* * * LOW HITPOINT WARNING * * *
You have reached level 4!
You feel agile. The gnoll hits you but does no damage.
Items here: )) ††.
You hit the gnoll.
The gnoll is lightly wounded.
The gnoll hits you with a +0 halberd.
* * * LOW HITPOINT WARNING * * *
You barely miss the gnoll.
The gnoll is lightly wounded.
The gnoll hits you with a +0 halberd!
You die...

.#......###....##.#
###≈#..#≈#..#
........###.#####.#
#.'..≈≈..'..[
#...........#
#.###.'..≈≈..'.#.
#.._....#..##
#.....#≈#..#≈####
............#
##.####≈≈≈≈≈≈# #
............##
#....######## #
......###....##
###### # ......#
#.....######## #
......#
##.#....@gg).# #
......#
#.#.#######......
......# #...##
##... .....##
##...# . ......
##..## ......#
#...## ......#
#....# ......#
##.#.# #...#


You could see 2 gnolls.

Vanquished Creatures
  2 gnolls (D:2)
  An adder (D:1)
  A worm (D:2)
  3 bats (D:2)
  4 endoplasms
  4 giant cockroaches
  5 goblins
  5 hobgoblins
  2 jackals (D:2)
  5 ball pythons
  5 frilled lizards
  2 kobolds (D:1)
  6 rats
45 creatures vanquished.

Notes
Turn   | Place    | Note
-------+----------+-------------------------------------------
     0 | D:1      | xian the Demonspawn Fighter began the quest for the Orb.
     0 | D:1      | Reached XP level 1. HP: 18/18 MP: 1/1
   554 | D:1      | Gained mutation: You sometimes gain a little power by
                  | taking damage. [demonic ancestry]
   554 | D:1      | Reached XP level 2. HP: 21/24 MP: 2/2
   651 | D:1      | Found Azuucok's Assorted Antiques.
   752 | D:1      | Found a faded altar of an unknown god.
  1111 | D:1      | Gained mutation: A meltable shield of frost defends you.
                  | (SH +4) [demonic ancestry]
  1111 | D:1      | Reached XP level 3. HP: 4/29 MP: 3/3
  1278 | D:2      | Found a hide-covered altar of Uskayaw.
  1331 | D:2      | Became a worshipper of Uskayaw the Reveller
  1468 | D:2      | Reached * piety under Uskayaw
  1516 | D:2      | Reached ** piety under Uskayaw
  1966 | D:2      | Reached skill level 1 in Dodging
  1967 | D:2      | Reached XP level 4. HP: 9/35 MP: 4/4
  1969 | D:2      | Slain by a gnoll

Illustrated notes

Levels and vault maps discovered:
D:1:      dpeg_arrival_short_road, layout_basic,
          ebering_ecumenical_altar_sacrificial, serial_shops,
          nicolae_square_shop, chequers_avenue
D:2:      layout_rooms, basic_altar, eino_curves_01, kennysheep_generic_room_15

Skill      XL: |  1  2  3 |
---------------+----------+-----
Long Blades    | 2 |  2.6
Armour         | 3 |  3.1
Shields        | 3 |  3.0
Dodging        | 1 |  1.0
Fighting       | |  3.4

Action                   |  1- 3 |  4- 6 || total
-------------------------+-------+-------++-------
Melee: Long sword        |   136 |     2 ||   138
  Use: Scroll            |     5 |       ||     5
       Potion            |     1 |       ||     1
Armor: Scale mail        |    89 |     1 ||    90
Dodge: Dodged            |    72 |       ||    72
Block: Buckler           |    69 |       ||    69

Table legend: (Time is in decaauts)
 A = Elapsed time spent in this place.
 B = Non-inter-level travel time spent in this place.
 C = Inter-level travel time spent in this place.
 D = Time resting spent in this place.
 E = Time spent auto-exploring this place.
 F = Levels seen in this place.
 G = Mean time per level.
                   A        B        C        D        E       F      G
               +--------+--------+--------+--------+--------+-----+--------+
         Total |   2016 |   1960 |     56 |      0 |   1446 |   2 | 1008.0 |
       Dungeon |   2016 |   1960 |     56 |      0 |   1446 |   2 | 1008.0 |
               +--------+--------+--------+--------+--------+-----+--------+

Top non-repeatable levels by time:
     D:1: 1133 daAuts
     D:2: 883 daAuts
